Map: Dusk Towers

Players

Strawhat

  • Race: Protoss Protoss
  • League: Master

Miszu - Winner!

  • Race: Terran Terran
  • League: Master

VOD

Have the link to the VOD?

Description

Time

  • Played on: March 6, 2016, 6:36 p.m.
  • Length: 12:44
Show
View Real Time Build Order
Export as new Build Order

Strawhat Protoss 

Build Orders: 1 Gate Expand, Oracle Opening 

Get SALT Encoding   

  12  0:01  Probe (Chrono Boost)  
  13  0:11  Probe (Chrono Boost)  
  14  0:17  Pylon  
  14  0:22  Probe (Chrono Boost)  
  15  0:35  Probe (Chrono Boost)  
  16  0:36  Gateway  
  16  0:45  Probe (Chrono Boost)  
  16  0:47  Assimilator  
  17  0:56  Probe (Chrono Boost)  
  18  1:07  Probe (Chrono Boost)  
  19  1:17  Probe (Chrono Boost)  
  20  1:23  Nexus  
  20  1:28  Probe (Chrono Boost)  
  21  1:38  Probe (Chrono Boost)  
  22  1:40  Assimilator  
  22  1:42  Cybernetics Core  
  22  1:50  Pylon  
  22  1:52  Probe (Chrono Boost)  
  23  2:08  Probe (Chrono Boost)  
  24  2:19  Probe (Chrono Boost)  
  24  2:20  Warp Gate  
  24  2:21  Adept  
  27  2:29  Stargate  
  27  2:30  Probe (Chrono Boost)  
  27  2:36  Probe (Chrono Boost)  
  29  2:41  Probe (Chrono Boost)  
  30  2:47  Probe (Chrono Boost)  
  30  2:48  Adept  
  33  2:52  Probe (Chrono Boost)  
  33  2:58  Probe (Chrono Boost)  
  35  3:02  Gateway  
  35  3:03  Probe (Chrono Boost)  
  35  3:04  Gateway  
  36  3:07  Probe (Chrono Boost)  
  36  3:12  Oracle (Chrono Boost)  
  40  3:15  Probe  
  41  3:20  Pylon  
  41  3:21  Mothership Core  
  43  3:29  Stalker  
  43  3:32  Probe  
  46  3:40  Probe  
  46  3:45  Probe  
  48  3:51  Probe  
  49  3:56  Nexus  
  49  4:01  Pylon  
  49  4:03  Probe  
  49  4:05  Pylon  
  50  4:11  Probe  
  51  4:17  Probe  
  51  4:21  Probe  
  53  4:24  Twilight Council  
  53  4:26  Forge, Assimilator  
  53  4:29  Pylon, Assimilator  
  53  4:35  Probe (Chrono Boost)  
  53  4:37  Probe (Chrono Boost)  
  55  4:48  Probe (Chrono Boost)  
  55  4:49  Robotics Facility, Probe (Chrono Boost)  
  57  4:58  Pylon, Probe (Chrono Boost)  
  58  5:01  Probe (Chrono Boost)  
  58  5:04  Protoss Ground Weapons Level 1  
  58  5:05  Resonating Glaives  
  59  5:09  Probe (Chrono Boost), Photon Cannon  
  59  5:11  Probe x2 (Chrono Boost)  
  62  5:15  Sentry  
  62  5:19  Probe (Chrono Boost)  
  65  5:21  Stalker x2  
  65  5:22  Probe (Chrono Boost)  
  65  5:23  Probe (Chrono Boost)  
  71  5:29  Probe (Chrono Boost)  
  71  5:31  Probe (Chrono Boost)  
  71  5:34  Probe (Chrono Boost)  
  74  5:37  Observer (Chrono Boost)  
  74  5:38  Probe  
  74  5:41  Robotics Facility  
  76  5:45  Probe  
  76  5:47  Probe  
  78  5:52  Probe  
  78  5:56  Probe  
  80  6:05  Gateway, Robotics Bay  
  80  6:07  Gateway  
  80  6:08  Immortal (Chrono Boost), Probe  
  80  6:09  Gateway, Probe  
  86  6:12  Photon Cannon  
  86  6:13  Pylon  
  86  6:17  Adept x2, Probe  
  90  6:19  Probe  
  90  6:23  Assimilator  
  90  6:25  Adept  
  94  6:27  Assimilator  
  94  6:32  Immortal (Chrono Boost)  
  98  6:44  Adept x2  
  102  6:48  Warp Prism (Chrono Boost)  
  104  6:56  Gravitic Drive (Chrono Boost)  
  104  7:01  Pylon  
  104  7:04  Pylon  
  104  7:07  Pylon, Disruptor  
  107  7:10  Pylon  
  106  7:16  Adept  
  106  7:20  Nexus  
  105  7:32  Disruptor  
  105  7:33  Blink, Protoss Ground Weapons Level 2  
  105  7:42  Pylon  
  108  7:45  Pylon  
  108  7:48  Pylon  
  108  7:51  Probe  
  108  7:52  Probe  
  108  7:53  Disruptor  
  108  7:57  Adept x4  
  121  7:58  Stalker  
  121  8:00  Pylon  
  121  8:03  Disruptor  
  121  8:04  Photon Cannon  
  123  8:06  Photon Cannon  
  126  8:13  Photon Cannon  
  126  8:14  Photon Cannon  
  126  8:15  Pylon  
  126  8:24  Stalker x2  
  126  8:25  Stalker x2  
  126  8:26  Stalker x2  
  138  8:33  Forge  
  138  8:34  Disruptor  
  141  8:43  Disruptor  
  141  8:51  Probe  
  141  8:52  Probe  
  145  8:55  Assimilator  
  145  9:00  Assimilator  
  145  9:02  Photon Cannon  
  145  9:10  Colossus  
  145  9:12  Colossus  
  157  9:25  Adept x3  
  157  9:26  Adept x3  
  139  9:47  Gateway  
  139  9:48  Stalker  
  139  9:49  Gateway, Stalker  
  139  9:50  Gateway  
  143  9:53  Pylon  
  143  9:55  Pylon  
  143  9:56  Pylon  
  143  10:04  Colossus  
  149  10:09  Stargate  
  149  10:10  Protoss Ground Armor Level 1  
  149  10:12  Stargate  
  149  10:14  Stalker x2  
  148  10:30  Stalker x2  
  148  10:31  Stalker x2  
  153  10:43  Probe  
  153  10:44  Probe x2  
  153  10:47  Probe  
  155  10:52  Void Ray (Chrono Boost)  
  155  10:53  Probe  
  155  10:56  Probe x2  
  147  10:57  Probe  
  129  11:14  Stalker x3  
  123  11:31  Void Ray (Chrono Boost)  
  112  11:51  Stalker x2  
  116  11:57  Void Ray (Chrono Boost)  
  116  12:00  Stalker x2  
  83  12:16  Stalker x3  
Show
View Real Time Build Order
Export as new Build Order

Miszu Terran - Winner!

Build Orders: Command Center First (CC), MMM Bio 

Get SALT Encoding   

  12  0:01  SCV  
  13  0:13  SCV  
  14  0:17  Supply Depot  
  14  0:25  SCV  
  15  0:39  SCV  
  16  0:51  SCV  
  17  1:00  Command Center  
  17  1:03  SCV  
  18  1:15  SCV  
  18  1:17  Barracks  
  19  1:27  SCV  
  19  1:30  Barracks  
  20  1:39  SCV  
  21  1:45  Barracks  
  21  1:52  SCV  
  22  2:06  Marine, Orbital Command  
  23  2:13  Orbital Command  
  23  2:17  Marine  
  24  2:25  Marine  
  25  2:32  SCV  
  25  2:33  Marine  
  25  2:35  Marine  
  28  2:38  Refinery  
  28  2:39  Refinery  
  28  2:41  Supply Depot  
  28  2:44  SCV  
  28  2:46  SCV  
  30  2:53  Marine x3  
  30  2:57  SCV  
  34  3:01  SCV  
  34  3:05  Supply Depot  
  35  3:09  SCV  
  35  3:10  Marine  
  35  3:11  Marine  
  35  3:12  Barracks Tech Lab  
  38  3:13  SCV  
  39  3:21  SCV  
  39  3:25  SCV  
  41  3:28  Supply Depot, Marine  
  41  3:32  Marine x2, Stimpack  
  41  3:33  SCV  
  45  3:37  SCV  
  46  3:45  SCV  
  46  3:46  Marine  
  48  3:50  SCV  
  48  3:52  Engineering Bay  
  48  3:54  Marine x2  
  51  3:58  SCV  
  51  3:59  Supply Depot  
  51  4:02  SCV  
  53  4:03  Refinery  
  53  4:04  Marine  
  54  4:10  SCV  
  54  4:12  Marine x2  
  54  4:16  Factory  
  57  4:20  Missile Turret  
  57  4:22  Marine  
  58  4:24  SCV  
  58  4:26  SCV  
  58  4:27  Supply Depot  
  58  4:30  Marine  
  62  4:31  Terran Infantry Weapons Level 1  
  62  4:36  SCV, Missile Turret  
  63  4:39  SCV  
  63  4:43  Barracks Reactor, Barracks Tech Lab  
  63  4:48  SCV  
  63  4:51  SCV  
  65  5:00  SCV  
  65  5:02  Factory Reactor  
  65  5:03  SCV  
  65  5:05  Starport  
  65  5:06  Command Center  
  67  5:13  SCV  
  68  5:14  Refinery  
  68  5:15  SCV  
  68  5:16  Supply Depot  
  68  5:18  Combat Shields  
  68  5:20  Marine  
  68  5:21  Marine  
  71  5:22  Marauder  
  71  5:23  Marauder  
  71  5:25  SCV  
  71  5:27  SCV  
  77  5:37  SCV  
  77  5:38  Supply Depot  
  77  5:40  Supply Depot  
  78  5:44  Marauder  
  78  5:46  Marauder  
  78  5:47  Medivac x2  
  86  5:54  Concussive Shells  
  86  6:00  Marine x2, SCV x2  
  86  6:03  Supply Depot  
  90  6:04  Supply Depot  
  90  6:06  Barracks  
  90  6:07  Barracks  
  90  6:13  Marauder  
  90  6:14  SCV  
  90  6:15  SCV  
  95  6:18  Orbital Command  
  95  6:21  Medivac x2  
  97  6:26  SCV  
  97  6:27  SCV  
  99  6:38  Marine x2, Marauder, Liberator  
  99  6:39  Marauder  
  105  6:40  SCV x2  
  105  6:41  Terran Infantry Armor Level 1  
  105  6:45  Refinery  
  105  6:46  SCV  
  108  6:47  Refinery  
  108  6:52  SCV x2  
  110  6:56  Marine, Barracks Tech Lab  
  110  6:57  Barracks Reactor  
  110  6:59  SCV  
  110  7:00  Marauder  
  120  7:04  SCV  
  120  7:05  SCV  
  120  7:07  Fusion Core  
  122  7:10  Starport  
  119  7:16  Liberator  
  119  7:25  Marine, Marauder  
  121  7:33  Marine x2  
  121  7:34  Marine, Marauder x2  
  131  7:40  Supply Depot  
  131  7:41  Supply Depot  
  131  7:42  Supply Depot  
  131  7:44  Supply Depot  
  131  7:46  Starport Tech Lab  
  131  7:48  Liberator  
  131  7:50  Liberator  
  131  7:51  Command Center, SCV x2, Missile Turret  
  133  7:58  Liberator  
  133  8:01  SCV  
  133  8:03  SCV x2  
  136  8:07  Advanced Ballistics  
  136  8:09  Marine x3, Marauder x2  
  136  8:12  Supply Depot x2  
  149  8:14  SCV  
  149  8:16  Supply Depot, Marine, Marauder  
  155  8:27  Marine  
  155  8:28  Missile Turret  
  155  8:29  Missile Turret  
  155  8:30  Marauder  
  155  8:31  Liberator  
  155  8:32  Missile Turret  
  155  8:33  Missile Turret  
  155  8:34  Marine, Marauder, Missile Turret  
  160  8:35  Marine  
  160  8:40  Supply Depot  
  162  8:43  Liberator x2  
  162  8:46  Supply Depot  
  171  9:11  Missile Turret  
  171  9:14  Liberator  
  171  9:25  Liberator  
  171  9:26  Liberator  
  166  9:34  Marauder  
  167  9:49  Marine x2, Marauder  
  167  9:50  Marine, Planetary Fortress  
  172  9:57  Liberator  
  172  10:06  Engineering Bay, Barracks, Armory  
  172  10:07  Barracks  
  172  10:08  Barracks, Liberator x2  
  172  10:12  Refinery  
  175  10:23  Marine, Marauder  
  184  10:36  Marine  
  184  10:37  Marine x2, Marauder  
  184  10:40  Liberator  
  189  10:46  Marine, Marauder  
  189  10:47  Marauder  
  191  10:51  Liberator  
  191  10:54  Marine  
  191  10:55  Marine x2  
  194  10:58  Marine  
  198  11:04  Marine  
  198  11:07  Marine  
  200  11:21  Marauder  
  200  11:22  Marine  
  200  11:25  Marauder  
  200  11:28  Barracks Reactor, Barracks Tech Lab x2  
  200  11:30  Command Center  
  200  11:34  Liberator  
  200  11:35  Liberator  
  182  11:49  Marine, Marauder  
  182  12:23  Marine  
Tags
 
Add a new tag
Caveats
  • Supply blocks, unpowered buildings, or Contaminate may cause inaccurate times.
  • Supply counts are checked every 10 seconds.